 Dungeon Crawl Stone Soup version 0.26-a0-940-gf7e0b5f775 (webtiles) character file.

Game seed: 15261311234131837028

3558 mhtbhm the Basher (level 10, -4/60 HPs)
             Began as a Gargoyle Fighter on Nov 27, 2020.
             Was a Believer of Okawaru.
             Killed by divine providence
             ... invoked by a smoke demon
             ... summoned by an obsidian statue
              (9 damage)
             ... on level 8 of the Dungeon.
             The game lasted 00:11:40 (9215 turns).

mhtbhm the Basher (Gargoyle Fighter)                Turns: 9215, Time: 00:11:41

Health: -4/60      AC: 20    Str: 24    XL:     10   Next: 9%
Magic:  19/19      EV: 10    Int:  8    God:    Okawaru [**....]
Gold:   445        SH: 16    Dex:  9    Spells: 9/9 levels left

rFire    . . .     SeeInvis .   a - +1 flail
rCold    . . .     Faith    .   c - +0 kite shield
rNeg     + . .     Spirit   .   b - +2 scale mail {MR+}
rPois    ∞         Reflect  +   (no helmet)
rElec    +         Harm     .   l - scarf {shadows}
rCorr    .         Rampage  .   f - +2 pair of gloves
MR       +....                  (no boots)
Stlth    ..........             h - amulet of reflection
HPRegen  0.20/turn              t - ring of magical power
MPRegen  0.16/turn              (no ring)

@: flying
A: negative energy resistance 1, electricity resistance, unbreathing,
petrification resistance, rot immunity, AC +7
a: Heroism, Renounce Religion


You were on level 8 of the Dungeon.
You worshipped Okawaru.
Okawaru was pleased with you.
You visited 2 branches of the dungeon, and saw 9 of its levels.

You collected 515 gold pieces.
You spent 70 gold pieces at shops.

Inventory:

Hand Weapons
 a - a +1 flail (weapon)
Missiles
 u - 3 curare-tipped darts
Armour
 b - a +2 scale mail of magic resistance (worn)
 c - a +0 kite shield (worn)
 f - a +2 pair of gloves (worn)
 l - a scarf of shadows (worn)
Jewellery
 h - an amulet of reflection (around neck)
 s - an uncursed ring of fire
 t - a ring of magical power (left hand)
Wands
 k - a wand of flame (54)
 x - a wand of random effects (27)
Scrolls
 j - 4 scrolls of teleportation
 m - 4 scrolls of remove curse
 n - 2 scrolls of enchant armour
 o - a scroll of magic mapping
 p - a scroll of vulnerability {unknown}
 w - a scroll of noise {unknown}
 y - a scroll of enchant weapon
Potions
 e - 3 potions of curing
 g - 3 potions of heal wounds
 i - 2 potions of lignification
 q - 2 potions of brilliance
 r - a potion of berserk rage
 v - a potion of haste {unknown}


   Skills:
 + Level 6.2 Fighting
 + Level 9.0 Maces & Flails
 + Level 6.3 Armour
 + Level 3.7 Dodging
 - Level 0.5 Stealth
 + Level 8.6 Shields


You had 9 spell levels left.
You didn't know any spells.
Your spell library contained the following spells:

 Spells                   Type           Power        Failure   Level
 Foxfire                  Conj/Fire      #...         92%         1
 Conjure Flame            Conj/Fire      #.......     100%        3
 Inner Flame              Hex/Fire       #.......     100%        3
 Sticky Flame             Conj/Fire      #.......     100%        4
 Fireball                 Conj/Fire      #.........   100%        5


Dungeon Overview and Level Annotations

Branches:
Dungeon (8/15)             Temple (1/1) D:6            Lair (0/6) D:8

Altars:
Ashenzari
Cheibriados
Dithmenos
Elyvilon
Fedhas
Gozag
Hepliaklqana
Kikubaaqudgha
Makhleb
Nemelex Xobeh
Okawaru
Qazlal
Ru
Sif Muna
Trog
Uskayaw
Vehumet
Wu Jian
Xom
Yredelemnul
Zin
The Shining One

Shops:
D:4 *   D:7 [

Annotations:
D:8 exclusions: ice statue and obsidian statue


Innate Abilities, Weirdness & Mutations

You are resistant to torment.
Your stone body is resilient. (AC +7)
You are immune to poison.
You resist negative energy. (rN+)
You are resistant to electric shocks. (rElec)
You can survive without breathing.
You are immune to petrification.
You are immune to rotting.


Message History

You hit the obsidian statue but do no damage.
The obsidian statue is lightly damaged.
The ufetubus barely misses you. The ufetubus misses you.
The obsidian statue's eyes glow briefly.
The sun demon hits you!!
You are engulfed in flames!
* * * LOW HITPOINT WARNING * * *
You block the ufetubus's attack.
The ufetubus hits you but does no damage.
The crimson imp misses you.
You feel much better.
The sun demon hits you but does no damage.
You block the ufetubus's attack. x2; The sun demon hits you!
* * * LOW HITPOINT WARNING * * *
You are engulfed in flames!
* * * LOW HITPOINT WARNING * * *
You block the rust devil's attack.
The crimson imp hits you but does no damage.
The smoke demon gestures at you. Something smites you!
You die...

#....#....### #####.#.#
#....####...###########.......#
####.######....(...............
#...# ###....#####≈.....≈..
###.#####..#### #....§....
#.......## ### #..≈§≈§..≈
#...#.)..###.####.§§§≈§§≈≈
#.########4##.##.(≈§≈§≈≈≈≈ ##.#
##@5.##!..§..≈§⌠>≈§
###..######538.!#....≈≈§≈§_§≈
###...###..#..3..##?..(.§≈≈§§§≈
###..^### #.......##.....§.§≈§≈§≈
....#######....$.##......§§§§§§..
................##..........§≈≈§.
....########...##..((..#.....§§..
##### #..##...Y.#.##..######
##.#/Y8..#####.#######


You could see an obsidian statue, a sun demon (summoned), a rust devil
(summoned), a smoke demon (summoned), a crimson imp (summoned) and an ufetubus
(summoned).

Vanquished Creatures
  Maggie (D:7)
  A hornet (D:8)
  Grinder (D:3)
  Sigmund (D:3)
  A water moccasin (D:7)
  An orc warrior (D:7)
  A hornet zombie (D:6)
  5 centaurs
  An ogre (D:4)
  Blork the orc (D:4)
  5 bullfrogs
  3 scorpions
  5 hounds
  A jelly (D:5)
  A quasit (D:8)
  2 centaur skeletons
  6 orc priests
  3 bullfrog skeletons
  11 orc wizards
  Jessica (D:3)
  An iguana (D:3)
  6 worker ants
  2 hound skeletons
  A howler monkey zombie (D:6)
  8 gnolls
  2 howler monkey skeletons (D:4)
  10 adders
  A shadow imp (D:8)
  2 white imps
  2 ufetubi
  2 worms
  A dart slug (D:2)
  4 leopard geckos
  43 orcs
  6 giant cockroaches
  8 goblins
  8 hobgoblins
  5 jackals
  6 quokkas
  2 ball pythons
  10 bats
  6 frilled lizards
  A jackal skeleton (D:5)
  6 kobolds
  A leopard gecko zombie (D:5)
  A quokka zombie (D:6)
  5 rats
202 creatures vanquished.

Notes
Turn   | Place    | Note
-------+----------+-------------------------------------------
     0 | D:1      | mhtbhm the Gargoyle Fighter began the quest for the Orb.
     0 | D:1      | Reached XP level 1. HP: 14/14 MP: 1/1
   365 | D:1      | Reached XP level 2. HP: 18/19 MP: 2/2
   900 | D:2      | Reached XP level 3. HP: 20/23 MP: 3/3
  1257 | D:2      | Reached skill level 3 in Maces & Flails
  1257 | D:2      | Reached XP level 4. HP: 27/29 MP: 4/4
  1512 | D:3      | Reached skill level 1 in Dodging
  1520 | D:3      | Noticed Jessica
  1524 | D:3      | Killed Jessica
  1535 | D:3      | Reached XP level 5. HP: 33/33 MP: 5/5
  1699 | D:3      | Noticed Sigmund
  1718 | D:3      | Killed Sigmund
  1719 | D:3      | Reached XP level 6. HP: 15/39 MP: 6/6
  1931 | D:3      | Noticed Grinder
  1952 | D:3      | Paralysed by Grinder for 2 turns
  1995 | D:3      | Killed Grinder
  1996 | D:3      | Reached skill level 4 in Maces & Flails
  1996 | D:3      | Reached skill level 5 in Shields
  1996 | D:3      | Reached XP level 7. HP: 33/44 MP: 7/7
  3177 | D:4      | Noticed Blork the orc
  3201 | D:4      | Killed Blork the orc
  3202 | D:4      | Reached skill level 5 in Maces & Flails
  3215 | D:4      | Reached XP level 8. HP: 48/48 MP: 8/8
  3838 | D:4      | Found Vorur's General Store.
  3841 | D:4      | Bought a potion of heal wounds for 70 gold pieces
  3869 | D:4      | Reached skill level 6 in Maces & Flails
  4187 | D:5      | Entered Level 5 of the Dungeon
  4276 | D:5      | Reached skill level 5 in Fighting
  4851 | D:6      | Reached skill level 7 in Maces & Flails
  4996 | D:6      | Reached XP level 9. HP: 54/54 MP: 9/9
  5044 | D:6      | Found a burning altar of Makhleb.
  5142 | D:6      | Found a staircase to the Ecumenical Temple.
  5179 | Temple   | Entered the Ecumenical Temple
  5488 | Temple   | Became a worshipper of Elyvilon the Healer
  5655 | D:6      | Reached skill level 5 in Armour
  5869 | D:6      | Found a bloodstained altar of Trog.
  5869 | D:6      | Found an iron altar of Okawaru.
  5880 | D:6      | Fell from the grace of Elyvilon
  5880 | D:6      | Became a worshipper of Warmaster Okawaru
  6976 | D:7      | Reached skill level 8 in Maces & Flails
  7172 | D:7      | Reached * piety under Okawaru
  7197 | D:7      | Found Hicvoefa's Antique Armour Boutique.
  7437 | D:7      | Noticed Maggie
  7461 | D:7      | Killed Maggie
  8189 | D:8      | Noticed an ice statue
  8287 | D:8      | Found a stormy altar of Qazlal.
  8535 | D:8      | Noticed a centaur warrior
  8537 | D:8      | Noticed a two-headed ogre
  8538 | D:8      | Noticed a two-headed ogre
  8546 | D:8      | Noticed a hornet
  8578 | D:8      | Killed a hornet
  8578 | D:8      | Reached ** piety under Okawaru
  8579 | D:8      | Reached XP level 10. HP: 34/60 MP: 10/10
  8760 | D:8      | Noticed a wizard
  8918 | D:8      | Reached skill level 9 in Maces & Flails
  8996 | D:8      | Found a staircase to the Lair.
  9077 | D:8      | Noticed an obsidian statue
  9087 | D:8      | Noticed a sun demon
  9205 | D:8      | Noticed a sun demon
  9215 | D:8      | Noticed a smoke demon
  9215 | D:8      | Noticed a rust devil
  9215 | D:8      | Killed from afar by a smoke demon

Illustrated notes

Levels and vault maps discovered:
D:1:      lemuel_arrival_room, layout_basic, minmay_misc_feat_doors
D:2:      layout_basic
D:3:      minmay_door_path, layout_loops_ring, minivault_19, uniq_jessica,
          uniq_grinder, uniq_sigmund
D:4:      layout_cave_pods, serial_shops, kennysheep_mini, uniq_blork_the_orc
D:5:      layout_basic
D:6:      layout_cave_pods, kennysheep_little_box,
          grunt_temple_overflow_bloody_war, minmay_temple_entry_arrows
D:7:      layout_basic, serial_shops, shop, uniq_maggie
D:8:      minmay_separated_statues, layout_rooms,
          nicolae_qazlal_general_emergency, lair_entry_dummy, minivault_12
Temple:   dpeg_five_rooms_temple

Skill      XL: |  1  2  3  4  5  6  7  8  9 10 |
---------------+-------------------------------+-----
Shields        | 4 5 6 7 8 |  8.6
Maces & Flails | 3 4 5 7 8 9 |  9.0
Dodging        | 1 2 3 |  3.7
Fighting       | 4 5 6 |  6.2
Armour         | 4 6 |  6.3
Stealth        | |  0.5

Action                   |  1- 3 |  4- 6 |  7- 9 | 10-12 || total
-------------------------+-------+-------+-------+-------++-------
Melee: Flail             |   191 |   102 |   629 |    69 ||   991
Evoke: Wand              |       |     1 |     1 |       ||     2
  Use: Scroll            |     4 |     2 |     5 |     1 ||    12
       Potion            |       |     5 |     3 |     2 ||    10
Armor: Scale mail        |   172 |    80 |   220 |    37 ||   509
       Skin              |       |       |     3 |       ||     3
Dodge: Dodged            |    97 |    45 |   153 |    34 ||   329
Block: Kite shield       |   155 |    67 |   455 |    95 ||   772
       Reflection        |       |       |    13 |       ||    13

Table legend: (Time is in decaauts)
 A = Elapsed time spent in this place.
 B = Non-inter-level travel time spent in this place.
 C = Inter-level travel time spent in this place.
 D = Time resting spent in this place.
 E = Time spent auto-exploring this place.
 F = Levels seen in this place.
 G = Mean time per level.
                   A        B        C        D        E       F      G
               +--------+--------+--------+--------+--------+-----+--------+
         Total |   9407 |   9276 |    131 |   1705 |   5133 |   9 | 1045.2 |
       Dungeon |   8987 |   8965 |     22 |   1705 |   4943 |   8 | 1123.4 |
        Temple |    419 |    310 |    109 |      0 |    190 |   1 |  419.0 |
               +--------+--------+--------+--------+--------+-----+--------+

Top non-repeatable levels by time:
     D:7: 1793 daAuts
     D:4: 1620 daAuts
     D:6: 1210 daAuts
     D:3: 1134 daAuts
     D:8: 1024 daAuts
     D:1: 802 daAuts
     D:2: 795 daAuts
     D:5: 607 daAuts
  Temple: 419 daAuts
